 Seeded DCSS version 0.25-a0-420-g1cc7eeb (webtiles) character file.

Game seed: 1261219637004542875, levelgen mode: deterministic

1714586 araganzar the Slayer (level 27, 240/240 HPs)
             Began as a Formicid Wanderer on Jan 18, 2020.
             Was the Champion of Okawaru.
             Escaped with the Orb
             ... and 3 runes!
             The game lasted 05:04:35 (77385 turns).

araganzar the Slayer (Formicid Wanderer)           Turns: 77385, Time: 05:04:36

Health: 240/240    AC: 48    Str: 29    XL:     27
Magic:  35/35      EV: 27    Int: 15    God:    Okawaru [******]
Gold:   4678       SH: 26    Dex: 24    Spells: 28/34 levels left

rFire    + + .     SeeInvis +   w - +3 executioner's axe of the Middle {holy, rN+ Int+2 Dex+8}
rCold    + + .     Gourm    .   R - +4 large shield {rF+}
rNeg     + + .     Faith    .   A - +10 storm dragon scales
rPois    +         Spirit   +   (helmet unavailable)
rElec    +         Reflect  .   s - +2 cloak
rCorr    .         Harm     .   Q - +2 pair of gloves of the Game of Life {rPois rC+ Int+4}
MR       +++..                  F - +2 pair of boots {Fly}
Stlth    +.........             I - amulet "Iplawos" {Spirit *Slow MR+ Dex+4 Stlth+}
HPRegen  0.50/turn              p - ring of Santug {rF+ rC+ rN+}
MPRegen  0.24/turn              t - +6 ring of protection

@: flying
A: permanent stasis, dig shafts and tunnels, four strong arms, antennae 3, fangs
1, talons 1, repulsion field 1, dopey 1, mutation resistance 1
0: Orb of Zot
}: 3/15 runes: decaying, serpentine, silver
a: Dig, Shaft Self, Heroism, Finesse, Renounce Religion, Stop Flying


You escaped.
You worshipped Okawaru.
Okawaru was exalted by your worship.
You were not hungry.

You visited 11 branches of the dungeon, and saw 53 of its levels.
You visited the Abyss 1 time.
You visited 3 bazaars.
You also visited: Ice Cave and Wizlab.

You collected 10575 gold pieces.
You spent 5897 gold pieces at shops.


Innate Abilities, Weirdness & Mutations

You cannot be hasted, slowed, berserked, paralysed or teleported.
You can dig through walls and to a lower floor.
Your four strong arms can wield two-handed weapons with a shield.
You have a pair of large antennae on your head. (SInv)
You have very sharp teeth.
You have sharp toenails.
You are surrounded by a mild repulsion field. (EV +2)
You are dopey. (Int -2)
You are somewhat resistant to further mutation.


   Skills:
 + Level 24.6 Fighting
 - Level 22.1(24.8) Axes
 - Level 20.7(24.2) Polearms
   Level 4.0(14.5) Staves
 - Level 10.0 Crossbows
 - Level 12.5 Throwing
 - Level 22.0 Armour
 - Level 17.4 Dodging
 - Level 4.5 Stealth
 - Level 15.0 Shields
 - Level 1.0 Unarmed Combat
 - Level 4.0 Spellcasting
 - Level 8.1 Hexes
 - Level 6.0 Charms
 - Level 6.0 Necromancy
 - Level 8.2 Invocations
 + Level 16.8 Evocations


You had 28 spell levels left.
You knew the following spells:

 Your Spells              Type           Power        Failure   Level  Hunger
a - Animate Skeleton      Necr           N/A          3%          1    None
z - Spectral Weapon       Hex/Chrm       ###.....     8%          3    ###....
S - Song of Slaying       Chrm           ###.....     5%          2    ##.....

Your spell library contained the following spells:

 Spells                   Type           Power        Failure   Level  Hunger
 Corona                   Hex            ####...      1%          1    None
 Slow                     Hex            ####....     2%          2    ##.....
 Infusion                 Chrm           ###.         3%          1    None
 Confusing Touch          Hex            ####....     4%          3    ###....
 Tukima's Dance           Hex            ####....     4%          3    ###....
 Sublimation of Blood     Necr           ###.......   6%          2    ##.....
 Ensorcelled Hibernation  Hex/Ice        ###...       13%         2    ##.....
 Cause Fear               Hex            ####......   16%         4    ####...
 Corpse Rot               Necr/Air       N/A          21%         2    ##.....
 Shroud of Golubria       Chrm/Tloc      ##....       21%         2    ##.....
 Dazzling Flash           Conj/Hex       ###...       26%         3    ###....
 Inner Flame              Hex/Fire       ###.....     26%         3    ###....
 Portal Projectile        Hex/Tloc       ###...       26%         3    ###....
 Summon Guardian Golem    Hex/Summ       ###.....     26%         3    ###....
 Ozocubu's Armour         Chrm/Ice       ##......     36%         3    ###....
 Dispel Undead            Necr           ###.....     36%         4    ####...
 Beastly Appendage        Tmut           #.....       41%         1    None
 Foxfire                  Conj/Fire      #...         41%         1    None
 Freeze                   Ice            #...         41%         1    None
 Magic Dart               Conj           #...         41%         1    None
 Sandblast                Erth           #.....       41%         1    None
 Shock                    Conj/Air       #...         41%         1    None
 Sting                    Tmut/Pois      #...         41%         1    None
 Summon Butterflies       Summ           #.......     41%         1    None
 Summon Small Mammal      Summ           #...         41%         1    None
 Call Imp                 Summ           #.......     56%         2    ##.....
 Poisonous Vapours        Pois/Air       #.....       56%         2    ##.....
 Searing Ray              Conj           #.....       56%         2    ##.....
 Sticks to Snakes         Tmut           #.......     56%         2    ##.....
 Leda's Liquefaction      Hex/Erth       ###.......   65%         4    ####...
 Agony                    Necr           ###.....     71%         5    ######.
 Excruciating Wounds      Chrm/Necr      ###.......   71%         5    ######.
 Call Canine Familiar     Summ           #.......     80%         3    ###....
 Conjure Flame            Conj/Fire      #.......     80%         3    ###....
 Gell's Gravitas          Tloc           #.........   80%         3    ###....
 Ignite Poison            Fire/Tmut/Pois #.......     80%         3    ###....
 Mephitic Cloud           Conj/Pois/Air  #.......     80%         3    ###....
 Recall                   Summ/Tloc      N/A          80%         3    ###....
 Spider Form              Tmut/Pois      #.........   80%         3    ###....
 Static Discharge         Conj/Air       #.......     80%         3    ###....
 Stone Arrow              Conj/Erth      #.....       80%         3    ###....
 Metabolic Englaciation   Hex/Ice        ###.......   94%         5    ######.
 Silence                  Hex/Air        ###.......   94%         5    ######.
 Summon Mana Viper        Hex/Summ       ###.....     94%         5    ######.
 Yara's Violent Unravell  Hex/Tmut       ###.......   94%         5    ######.
 Darkness                 Hex            ####......   94%         6    #######
 Iskenderun's Battlesphe  Conj/Chrm      ##......     98%         5    ######.
 Hailstorm                Conj/Ice       #.......     99%         4    ####...
 Ice Form                 Ice/Tmut       #.......     99%         4    ####...
 Olgreb's Toxic Radiance  Pois           #.......     99%         4    ####...
 Petrify                  Tmut/Erth      #.......     99%         4    ####...
 Summon Ice Beast         Ice/Summ       #.......     99%         4    ####...
 Summon Lightning Spire   Summ/Air       #.......     99%         4    ####...
 Death Channel            Necr           ###.......   99%         6    #######
 Alistair's Intoxication  Tmut/Pois      #.......     100%        5    ######.
 Aura of Abjuration       Summ           #.........   100%        5    ######.
 Blade Hands              Tmut           #.........   100%        5    ######.
 Bolt of Magma            Conj/Fire/Erth #.........   100%        5    ######.
 Fireball                 Conj/Fire      #.........   100%        5    ######.
 Irradiate                Conj/Tmut      #.........   100%        5    ######.
 Lightning Bolt           Conj/Air       #.........   100%        5    ######.
 Summon Demon             Summ           #.........   100%        5    ######.
 Summon Forest            Summ/Tloc      #.........   100%        5    ######.
 Conjure Ball Lightning   Conj/Air       #.........   100%        6    #######
 Deflect Missiles         Chrm/Air       ##........   100%        6    #######
 Eringya's Noxious Bog    Tmut/Pois      #.........   100%        6    #######
 Freezing Cloud           Conj/Ice/Air   #.........   100%        6    #######
 Iron Shot                Conj/Erth      #.........   100%        6    #######
 Ozocubu's Refrigeration  Ice            #.........   100%        6    #######
 Shadow Creatures         Summ           N/A          100%        6    #######
 Simulacrum               Ice/Necr       ##........   100%        6    #######
 Starburst                Conj/Fire      #.........   100%        6    #######
 Dragon Form              Tmut           #.........   100%        7    #######
 Malign Gateway           Summ/Tloc      #.........   100%        7    #######
 Orb of Destruction       Conj           #.........   100%        7    #######
 Ring of Flames           Chrm/Fire      ##........   100%        7    #######
 Spellforged Servitor     Conj/Summ      #.........   100%        7    #######
 Summon Hydra             Summ           #.........   100%        7    #######
 Borgnjor's Revivificati  Necr           ###.......   100%        8    #######
 Discord                  Hex            ####......   100%        8    #######
 Ignition                 Fire           #.........   100%        8    #######
 Dragon's Call            Summ           #.........   100%        9    #######
 Tornado                  Air            #.........   100%        9    #######

Inventory:

Hand Weapons
 a - a +5 vampiric broad axe {SFJ;lajsdlasd}
   (You took it off a naga on level 2 of the Snake Pit)
 b - the +9 heavy crossbow "Sniper" {vorpal, Acc+∞ SInv}
   (You found it on level 4 of the Vaults)

   Any bolt fired from it inflicts extra damage.
   It lets you see invisible.
 d - the +18 lance "Wyrmbane" {slay drac, rPois rF+ rC+ AC+3}
   (You found it in a wizard's laboratory)

   It affects your AC (+3).
   It protects you from fire.
   It protects you from cold.
   It protects you from poison.
 m - a +9 bardiche of freezing
   (Okawaru gifted it to you on level 1 of the Lair of Beasts)
 w - the +3 executioner's axe of the Middle (weapon) {holy, rN+ Int+2 Dex+8}
   (Okawaru gifted it to you on level 2 of the Snake Pit)

   It has been blessed by the Shining One to cause great damage to the undead
   and demons.
   It affects your intelligence (+2).
   It affects your dexterity (+8).
   It protects you from negative energy.
Missiles
 E - 8 throwing nets {=f, !d}
 M - 9 silver javelins (quivered)
 U - 1147 bolts
Armour
 s - a +2 cloak (worn)
   (You took it off Maurice on level 2 of the Orcish Mines)
 A - +10 storm dragon scales (worn)
   (You bought it in a shop on level 2 of the Orcish Mines)
 F - a +2 pair of boots of flying (worn)
   (Okawaru gifted it to you on level 6 of the Lair of Beasts)
 Q - the +2 pair of gloves of the Game of Life (worn) {rPois rC+ Int+4}
   (You found it in an ice cave)

   It affects your intelligence (+4).
   It protects you from cold.
   It protects you from poison.
 R - a +4 large shield of fire resistance (worn)
   (Okawaru gifted it to you on level 3 of the Elven Halls)
Jewellery
 o - an uncursed amulet of regeneration {+regen, !d}
   (You bought it in a shop in a bazaar)
 p - the ring of Santug (left hand) {rF+ rC+ rN+}
   (You found it on level 3 of the Crypt)

   [ring of positive energy]

   It protects you from fire.
   It protects you from cold.
   It protects you from negative energy.
 t - a +6 ring of protection (right hand)
   (You took it off a deep elf demonologist on level 5 of the Vaults)
 z - the ring of Redghueq {MR++ rCorr}
   (You bought it in a shop in a bazaar)

   [ring of resist corrosion]

   It affects your resistance to hostile enchantments.
   It provides partial protection from all sources of acid and corrosion.
 H - an uncursed ring of protection from fire {rF+, !d}
   (You found it on level 6 of the Lair of Beasts)
 I - the amulet "Iplawos" (around neck) {Spirit *Slow MR+ Dex+4 Stlth+}
   (You bought it in a shop in a bazaar)

   [amulet of guardian spirit]

   It causes incoming damage to be split between your health and magic.
   It affects your dexterity (+4).
   It affects your resistance to hostile enchantments.
   It may slow you when you take damage.
   It makes you more stealthy.
 L - the ring of the City {+Fly rC+ Dex+4}
   (You found it in a wizard's laboratory)

   [ring of flight]

   It affects your dexterity (+4).
   It protects you from cold.
   It lets you fly.
Wands
 h - a wand of digging (4)
   (You found it on level 1 of the Depths)
 n - a wand of scattershot (14)
   (You found it on level 15 of the Dungeon)
 S - a wand of clouds (10)
   (You found it on level 2 of the Elven Halls)
 T - a wand of acid (14)
   (You took it off a naga on level 4 of the Snake Pit)
Scrolls
 i - 8 scrolls of immolation {!r}
 k - 18 scrolls of remove curse
 v - a scroll of silence
 B - 22 scrolls of identify
 D - 7 scrolls of fog
 O - 12 scrolls of fear
Potions
 c - 22 potions of curing
 j - 6 potions of might
 l - 14 potions of heal wounds
 q - 5 potions of mutation {!q}
 u - 5 potions of resistance
 C - 4 potions of agility
 G - a potion of ambrosia
 J - 2 potions of magic
 W - 4 potions of cancellation
 Z - 9 potions of brilliance
Miscellaneous
 g - 2 sacks of spiders
 x - a lamp of fire
   (You found it on level 2 of the Elven Halls)
 y - a phial of floods
   (You found it on level 1 of the Swamp)
 K - a fan of gales
   (You found it on level 4 of the Vaults)
 P - 2 phantom mirrors
 Y - 6 boxes of beasts
Comestibles
 f - 73 rations

#.### #.#
#.# #.# ##
#.## #.
#..# #.
##.## #.
####...####
#.
#..#...#@.#
#)
#.##...##.#
#.
#.........#
##
####.#.####
#.#.#.#.#
#...#...#
###
#########
#.. #.# #.#


There were no monsters in sight!


Message History

(P) Snake Pit (M) Slime Pits (O) Orcish Mines (E) Elven Halls (V) Vaults (C) Crypt (W) Tomb (U) Depths (H) Hell (Z) Zot
Where to? (Enter - D:1, ? - help)
You sense a monster nearby.
There is a stone staircase leading up here.
You fly upwards.
There is a stone staircase leading down here.
There is an escape hatch in the ceiling here.
A mysterious force pulls you upwards. The hatch slams shut behind you.
(D) Dungeon (T) Temple (L) Lair (S) Swamp (P) Snake Pit (M) Slime Pits (O) Orcish Mines (E) Elven Halls (V) Vaults (C) Crypt (W) Tomb (U) Depths (H) Hell (Z) Zot
Where to? (Enter - D:1, ? - help)
An Orb Guardian comes into view.
An Orb Guardian comes into view.
There is a stone staircase leading up here.
You fly upwards.
There is a stone staircase leading down here.
(D) Dungeon (T) Temple (L) Lair (S) Swamp (P) Snake Pit (M) Slime Pits (O) Orcish Mines (E) Elven Halls (V) Vaults (C) Crypt (W) Tomb (U) Depths (H) Hell (Z) Zot
Where to? (Enter - D:1, ? - help)
There is a stone staircase leading up here.
You fly upwards.
There is a stone staircase leading down here.
There is a staircase leading out of the dungeon here.
You have escaped!

Action                   |  1- 3 |  4- 6 |  7- 9 | 10-12 | 13-15 | 16-18 | 19-21 | 22-24 | 25-27 || total
-------------------------+-------+-------+-------+-------+-------+-------+-------+-------+-------++-------
Melee: Quarterstaff      |    54 |   156 |   313 |   199 |       |       |       |       |       ||   722
       Punch             |       |     1 |     2 |     9 |     1 |       |       |       |       ||    13
       Unarmed           |       |       |     7 |       |       |       |       |     1 |       ||     8
       Trident           |       |       |     1 |   452 |   146 |       |       |       |       ||   599
       Executioner's axe |       |       |       |    39 |       |       |    24 |   120 |  1099 ||  1282
       Halberd           |       |       |       |    56 |   485 |    63 |       |       |       ||   604
       Bardiche          |       |       |       |       |   269 |  1126 |   879 |       |   158 ||  2432
       Lajatang          |       |       |       |       |   251 |   114 |       |       |       ||   365
       Battleaxe         |       |       |       |       |       |    42 |       |       |       ||    42
       Broad axe         |       |       |       |       |       |       |   820 |  1953 |  2295 ||  5068
       Lance             |       |       |       |       |       |       |       |       |   517 ||   517
       Bite              |       |       |       |       |       |       |       |       |    92 ||    92
 Fire: Hunting sling     |       |       |     3 |     3 |       |       |       |       |       ||     6
       Heavy crossbow    |       |       |       |       |       |       |       |    10 |    13 ||    23
Throw: Stone             |       |       |     2 |       |       |       |       |       |       ||     2
       Dart              |       |       |       |     5 |     7 |    11 |       |       |       ||    23
       Javelin           |       |       |       |    15 |     5 |    10 |     8 |    14 |    13 ||    65
 Cast: Animate Skeleton  |       |       |       |       |       |       |       |       |    14 ||    14
       Spectral Weapon   |       |       |       |       |       |       |       |       |     9 ||     9
Invok: Heroism           |       |       |     9 |    20 |    21 |    21 |    27 |    31 |    58 ||   187
       Finesse           |       |       |       |       |     2 |     4 |       |     2 |    15 ||    23
 Abil: Dig               |       |       |     3 |     5 |    15 |    15 |    10 |    12 |    18 ||    78
       Stop Flying       |       |       |       |       |       |       |       |     3 |     2 ||     5
       Evoke Flight      |       |       |       |       |       |       |       |     2 |     3 ||     5
Evoke: Wand              |       |       |     8 |     1 |     6 |     3 |       |     1 |     7 ||    26
       Phial of floods   |       |       |       |       |       |       |       |     1 |       ||     1
       Phantom mirror    |       |       |       |       |       |       |       |       |     1 ||     1
  Use: Scroll            |       |     7 |     8 |     9 |    15 |    10 |    11 |    15 |    29 ||   104
       Potion            |       |       |     4 |     1 |     4 |     1 |     1 |     5 |    12 ||    28
 Stab: Sleeping          |     6 |     5 |       |       |       |       |       |       |     1 ||    12
       Invisible         |       |       |     1 |       |     5 |       |       |       |       ||     6
       Distracted        |       |       |       |       |       |     3 |     1 |     4 |    15 ||    23
       Confused          |       |       |       |       |       |       |       |       |     1 ||     1
  Eat: Chunk             |     1 |     8 |    12 |    17 |    24 |    23 |    11 |    27 |    37 ||   160
       Ration            |       |       |       |     4 |     5 |     6 |     5 |     4 |    11 ||    35
Armor: Robe              |     3 |       |       |       |       |       |       |       |       ||     3
       Leather armour    |    14 |       |       |       |       |       |       |       |       ||    14
       Ring mail         |       |    70 |     5 |       |       |       |       |       |       ||    75
       Chain mail        |       |       |    11 |       |       |       |       |       |       ||    11
       Plate armour      |       |       |   142 |   302 |   419 |    57 |       |       |       ||   920
       Storm dragon scal |       |       |       |       |       |   522 |   467 |   712 |  1149 ||  2850
Dodge: Dodged            |    34 |    86 |   118 |   231 |   368 |   598 |   734 |  1045 |  1705 ||  4919
Block: Shield            |       |       |       |       |   311 |   711 |   935 |  1368 |  1436 ||  4761
       Large shield      |       |       |       |       |       |       |       |       |  1417 ||  1417

Levels and vault maps discovered:
D:1:      onia_arrival_mini_spirals, layout_loops_cross,
          nicolae_ashenzari_panopticon
D:2:      layout_loops_cross, old_standard_altar, minivault_27,
          okawaru_altar_gauntlet_db
D:3:      layout_basic, old_standard_altar, nemelex_altar_shiori,
          gammafunk_temple_overflow_wave
D:4:      layout_basic, first_ration, uniq_grinder
D:5:      minmay_angry_zag, layout_loops_ring, grunt_dithmenos_shadows
D:6:      layout_cave_pools, makhleb_altar_promises_db,
          grunt_temple_overflow_open, old_standard_altar
D:7:      layout_gridville, nicolae_ru_the_path_less_chosen,
          minmay_temple_entry_mist, uniq_joseph
D:8:      layout_basic, grunt_temple_overflow_order_and_chaos_1
D:9:      layout_grid_maze, uniq_pikel
D:10:     layout_basic, basic_altar
D:11:     layout_basic, grunt_lair_entry_orc_guard_hut, serial_shops, shop,
          uniq_harold
D:12:     layout_gridville, zombieorc2_lemuel
D:13:     layout_loops_cross, skrybe_vaults_entry_preservation
D:14:     layout_irregular_city, serial_bayou_ford_a, grunt_tengu_nest,
          uniq_agnes
D:15:     grunt_enter_depths_magical_seal, layout_cave_pools,
          chequers_serial_rivers_marsh, item_on_display_a
Temple:   jpeg_temple_island
Lair:1:   layout_loops_ring, gammafunk_ghost_grave, wad_woods_road_03,
          serial_bayou_pond_d, grunt_megastairs_1
Lair:2:   layout_cave_pods, basic_altar, serial_bayou_shore_b
Lair:3:   layout_hall_layers, palyth_hydra_swamp_entry,
          guppyfry_snake_entry_island, special_room [special_room_bee],
          uniq_sonja, uniq_maggie
Lair:4:   layout_cave_shapes, serial_bayou_shore_a, grunt_megastairs_3
Lair:5:   layout_regular_city, minmay_slime_entry_jelly_boxes
Lair:6:   due_jungle_book, layout_big_grid, minmay_lindwurm_lava
Swamp:1:  layout_falls_marsh, evilmike_swamp_ruin_house_2, swamp_pool3
Swamp:2:  layout_falls_marsh, hangedman_swamp_lotus, uniq_jorgrun
Swamp:3:  layout_falls_marsh, nicolae_swamp_dense_foliage
Swamp:4:  swamp, layout_basic_swamp, portal_ice_cave_entry_pillars_three,
          swamp_pool1, hangedman_swamp_dais
Snake:1:  layout_concentric_octagons, st_stairs_10, serial_bayou_shore_b,
          serial_bayou_shore_b, uniq_frances
Snake:2:  layout_honeycomb, serial_shops, shop, st_stairs_12, uniq_nikola
Snake:3:  layout_basic, lightli_airlock
Snake:4:  grunt_snake_rune_spirals, layout_onion, serial_shops,
          nicolae_shop_crystal, grunt_ministairs_2, serial_bayou_shore_b
Orc:1:    layout_caves
Orc:2:    st_orc_ogre_mass, layout_diamond_mine, basic_altar, mines2_david,
          uniq_maurice
Elf:1:    minmay_elf_arrival_plus, layout_loops_cross, minmay_elf_demonology,
          minivault_23, dk_noncrumbling_4, nicolae_elf_w_pinch,
          hangedman_elf_targetted_burst
Elf:2:    layout_rooms, basic_altar, minivault_24
Elf:3:    minmay_elf_hall_dome, layout_loops_cross
Vaults:1: nicolae_vaults_big_angled_halls, ontoclasm_vaults_ligature,
          vaults_dpeg_spiral, v_misc_10, nicolae_vaults_ninety_degrees,
          nicolae_vaults_three_branches, dpeg_vaults_monster_row,
          nicolae_vaults_know_your_exits, vaults_dpeg_encased_lava,
          layout_vaults_omnigrid, serial_shops, shop, nicolae_shop_stone, shop,
          shop, nicolae_shop_behind_doors
Vaults:2: hangedman_vaults_hard_town_square, hangedman_vaults_stitches,
          nicolae_vaults_network_s, vaults_dpeg_doors,
          nicolae_vaults_what_the_h, v_misc_18, vaults_room_octagon, v_misc_30,
          nicolae_vaults_stairing_the_circle, grunt_vaults_diagonal,
          vaults_mumra_chevron_long, layout_vaults_maze, uniq_margery
Vaults:3: vaults_room_semicircle, v_misc_15, minmay_crypt_entry_simple_plaza,
          v_rooms_3, vaults_mumra_lcd, v_misc_2,
          ontoclasm_vaults_decontamination, vaults_mumra_minichess_inversion,
          nicolae_vaults_sealed_display, nicolae_vaults_ring_of_whatevers,
          vaults_room_hallway, v_rooms_4, layout_vaults_ring
Vaults:4: minmay_guarded_unrand_secular_launcher, hangedman_vaults_nails,
          grunt_vaults_focal, vaults_dpeg_ring, v_misc_24, vaults_room_pool,
          vaults_standard_mumra_lines, ontoclasm_vaults_pinch,
          hangedman_vaults_stretched_pinwheel, v_alt_pattern_1,
          ontoclasm_vaults_chip, ontoclasm_vaults_chip, ontoclasm_vaults_eye,
          hangedman_vaults_river_flow, v_misc_17, ontoclasm_vaults_hangar,
          nicolae_vaults_little_squares_2, layout_vaults_omnibox, serial_shops,
          bzr_entry_road
Vaults:5: serial_shops
Crypt:1:  layout_regular_city, serial_sigils_hangedman_quiver,
          serial_sigils_hangedman_gnaw, grunt_crypt_arrival_webbed, uniq_mennas
Crypt:2:  layout_gridlike, serial_sigils_hangedman_stare, uniq_frederick,
          uniq_mara, uniq_sojobo, uniq_bai_suzhen
Crypt:3:  cryptofortress_bobbens, uniq_jory, uniq_boris
Depths:1: layout_cave_shapes, hangedman_tar_grid_catacomb,
          marbit_kobold_abyss_entry, hangedman_decor_slide_cut,
          rand_demon_pan_entry_5, muffindrake_ghost_dual_entry,
          minmay_shattered_shrine, uniq_aizul
Depths:2: minmay_octo_star, layout_cave_shapes, mu_enter_wizlab_4,
          grunt_pan_entry_spiral, hell_entry, infiniplex_staircase_split_hallway
Depths:3: minmay_spiral_squares, layout_basic, serial_co_window_serial,
          co_window_paths_b, co_window_paths_b, co_window_paths_b,
          co_window_of_opportunity_a, co_window_paths_a,
          co_window_of_opportunity_a, co_window_paths_b, co_window_broadway_c,
          co_window_corner_b, co_window_unsneaky_path_b, glass_columns_b,
          glass_columns_a, glass_columns_c, pan_entry, hell_entry,
          infiniplex_staircase_river
Depths:4: vault_1, layout_basic, enter_ziggurat_b, minmay_misc_feat_ornament,
          serial_shops, bzr_entry_gold, nicolae_abyss_entry_one_way_or_another,
          pf_coc_iceberg, minmay_tree_intersection, firewood_loft
Depths:5: grunt_crosshair, layout_gridlike, hell_entry, rand_demon_pan_entry_7,
          serial_shops, statue_bzr
Zot:1:    layout_misc_corridors, grunt_megastairs_4
Zot:2:    kennysheep_room_grid, layout_basic
Zot:3:    layout_basic
Zot:4:    layout_cathedral_of_symmetry
Zot:5:    layout_gridlike, st_stairs_6

Notes
Turn   | Place    | Note
-------+----------+-------------------------------------------
     0 | D:1      | araganzar the Formicid Wanderer began the quest for the
                  | Orb.
     0 | D:1      | araganzar set off with the following items: a +2
                  | quarterstaff, a potion of lignification, a potion of
                  | curing, a +0 robe, a ration
     0 | D:1      | Reached XP level 1. HP: 16/16 MP: 1/1
     6 | D:1      | Reached skill level 2 in Stealth
   111 | D:1      | Reached XP level 2. HP: 7/23 MP: 2/2
   479 | D:1      | Found a shattered altar of Ashenzari.
   994 | D:2      | Reached skill level 3 in Stealth
   994 | D:2      | Reached XP level 3. HP: 25/28 MP: 3/3
  1153 | D:2      | Found an iron altar of Okawaru.
  1497 | D:2      | Reached skill level 3 in Fighting
  1546 | D:1      | Reached XP level 4. HP: 12/35 MP: 4/4
  1770 | D:2      | Reached skill level 4 in Stealth
  1975 | D:2      | Became a worshipper of Warmaster Okawaru
  2301 | D:3      | Reached skill level 1 in Armour
  2538 | D:3      | Reached XP level 5. HP: 41/41 MP: 5/5
  2614 | D:3      | Found a sparkling altar of Nemelex Xobeh.
  2711 | D:3      | Reached skill level 4 in Fighting
  2823 | D:3      | Found a snail-covered altar of Cheibriados.
  2936 | D:3      | Found a shadowy altar of Dithmenos.
  2936 | D:3      | Found a bloodstained altar of Trog.
  3243 | D:4      | Noticed a big kobold
  3278 | D:4      | Killed a big kobold
  3278 | D:4      | Reached skill level 5 in Fighting
  3278 | D:4      | Reached skill level 1 in Polearms
  3278 | D:4      | Reached XP level 6. HP: 34/51 MP: 6/6
  3397 | D:4      | Reached skill level 2 in Polearms
  3476 | D:5      | Entered Level 5 of the Dungeon
  3496 | D:4      | Reached skill level 3 in Polearms
  3527 | D:5      | Noticed a phantom
  3720 | D:4      | Reached XP level 7. HP: 51/56 MP: 7/7
  3856 | D:4      | Noticed Grinder
  4121 | D:4      | Reached * piety under Okawaru
  4322 | D:4      | Killed Grinder
  4322 | D:4      | Reached skill level 5 in Polearms
  4457 | D:4      | Reached XP level 8. HP: 60/62 MP: 8/8
  4468 | D:4      | Reached skill level 6 in Polearms
  4754 | D:5      | Reached ** piety under Okawaru
  4754 | D:5      | Reached skill level 1 in Axes
  4754 | D:5      | Reached skill level 2 in Armour
  4858 | D:5      | Reached skill level 2 in Axes
  4904 | D:5      | Reached skill level 3 in Armour
  5037 | D:5      | Reached skill level 3 in Axes
  5144 | D:5      | Found a shadowy altar of Dithmenos.
  5670 | D:6      | Reached XP level 9. HP: 68/68 MP: 9/9
  5748 | D:6      | Reached skill level 4 in Armour
  5954 | D:6      | Found a shimmering blue altar of Sif Muna.
  6044 | D:6      | Found a white marble altar of Elyvilon.
  6046 | D:6      | Found a basalt altar of Yredelemnul.
  6084 | D:6      | Found a hazy altar of Hepliaklqana.
  6116 | D:6      | Reached skill level 7 in Polearms
  6498 | D:7      | Reached skill level 6 in Fighting
  6498 | D:7      | Reached skill level 5 in Armour
  6512 | D:7      | Reached *** piety under Okawaru
  6569 | D:7      | Found a staircase to the Ecumenical Temple.
  6590 | Temple   | Entered the Ecumenical Temple
  6840 | D:7      | Found a sacrificial altar of Ru.
  6861 | D:7      | Noticed Joseph
  6878 | D:7      | Killed Joseph
  7027 | D:7      | Reached skill level 6 in Armour
  7382 | D:7      | Reached skill level 7 in Fighting
  7505 | D:7      | Identified a scroll of acquirement
  7505 | D:7      | Identified the ring "Suipnom" {*Slow rPois Slay+6 Stlth+}
                  | (You acquired it on level 7 of the Dungeon)
  7638 | D:7      | Reached skill level 8 in Polearms
  7717 | D:8      | Reached XP level 10. HP: 56/79 MP: 7/10
  7908 | D:8      | Reached skill level 1 in Dodging
  7935 | D:8      | Noticed a two-headed ogre
  7967 | D:8      | Killed a two-headed ogre
  7967 | D:8      | Reached **** piety under Okawaru
  7967 | D:8      | Reached skill level 9 in Polearms
  7967 | D:8      | Reached skill level 7 in Armour
  7967 | D:8      | Reached skill level 2 in Dodging
  8496 | D:8      | Noticed an angel
  8497 | D:8      | Found a glowing silver altar of Zin.
  8497 | D:8      | Found a shimmering altar of Xom.
  8791 | D:9      | Noticed Pikel
  8804 | D:8      | Reached skill level 8 in Fighting
  8990 | D:9      | Noticed a two-headed ogre
  9009 | D:9      | Killed a two-headed ogre
  9009 | D:9      | Reached skill level 3 in Dodging
  9236 | D:9      | Killed Pikel
  9236 | D:9      | Reached skill level 10 in Polearms
  9236 | D:9      | Reached skill level 2 in Evocations
  9307 | D:9      | Reached skill level 3 in Evocations
  9493 | D:9      | Reached XP level 11. HP: 81/86 MP: 13/13
 10046 | D:10     | Entered Level 10 of the Dungeon
 10082 | D:10     | Found a snail-covered altar of Cheibriados.
 10196 | D:10     | Reached skill level 11 in Polearms
 10196 | D:10     | Reached skill level 4 in Evocations
 10229 | D:10     | Received a gift from Okawaru
 10322 | D:10     | Identified the +6 executioner's axe of Traps {venom, +Inv
                  | rN+ Int+2 Stlth-} (You acquired it on level 10 of the
                  | Dungeon)
 10346 | D:10     | Reached skill level 5 in Evocations
 10357 | D:10     | Reached ***** piety under Okawaru
 10384 | D:10     | Noticed a two-headed ogre
 10406 | D:10     | Killed a two-headed ogre
 10406 | D:10     | Reached skill level 12 in Polearms
 10406 | D:10     | Reached skill level 6 in Evocations
 10517 | D:10     | Reached skill level 4 in Axes
 10810 | D:11     | Found a staircase to the Lair.
 10860 | D:11     | Found Napt's Jewellery Boutique.
 10869 | D:11     | Noticed Harold
 10897 | D:11     | Killed Harold
 10911 | D:11     | Bought an uncursed ring of poison resistance for 240 gold
                  | pieces
 11023 | D:11     | Reached skill level 8 in Armour
 11037 | D:11     | Noticed an unseen horror
 11049 | D:11     | Killed an unseen horror
 11160 | D:11     | Reached skill level 5 in Axes
 11191 | D:11     | Reached skill level 13 in Polearms
 11747 | D:11     | Received a gift from Okawaru
 11747 | D:11     | Reached skill level 9 in Fighting
 11747 | D:11     | Reached XP level 12. HP: 43/95 MP: 16/16
 12052 | D:12     | Noticed an unseen horror
 12062 | D:12     | Reached skill level 1 in Invocations
 12071 | D:12     | Killed an unseen horror
 12071 | D:12     | Reached skill level 3 in Invocations
 12092 | D:12     | Reached skill level 4 in Invocations
 12235 | D:12     | Reached skill level 5 in Invocations
 12470 | D:12     | Reached skill level 6 in Invocations
 12771 | D:12     | Noticed a two-headed ogre
 12779 | D:12     | Killed a two-headed ogre
 12779 | D:12     | Reached skill level 1 in Throwing
 13143 | D:12     | Reached skill level 2 in Throwing
 13182 | D:12     | Found a staircase to the Orcish Mines.
 13561 | Lair:1   | Entered Level 1 of the Lair of Beasts
 13593 | Lair:1   | Reached skill level 9 in Armour
 13922 | Lair:1   | Reached skill level 3 in Throwing
 14242 | Lair:1   | Found a runed translucent door.
 14243 | Lair:1   | Noticed Imnulubo's ghost (novice TeFE)
 14284 | Lair:1   | Received a gift from Okawaru
 14554 | Lair:1   | Reached skill level 14 in Polearms
 14554 | Lair:1   | Reached XP level 13. HP: 99/103 MP: 17/17
 14778 | Lair:1   | Reached skill level 4 in Throwing
 15261 | Lair:2   | Got an ancient chain mail
 15280 | Lair:2   | Identified the +1 chain mail of Viett {rN+ Str+7 Int+2
                  | Slay-5} (You found it on level 2 of the Lair of Beasts)
 15416 | Lair:2   | Found an opulent altar of Gozag.
 16369 | Lair:3   | Noticed Sonja
 16372 | Lair:3   | Killed Sonja
 16747 | Lair:3   | Reached skill level 10 in Armour
 16830 | Lair:3   | Noticed Maggie
 16833 | Lair:3   | Reached skill level 15 in Polearms
 16835 | Lair:3   | Found a staircase to the Snake Pit.
 16843 | Lair:3   | Killed Maggie
 16843 | Lair:3   | Reached ****** piety under Okawaru
 16843 | Lair:3   | Reached skill level 5 in Throwing
 17124 | Lair:3   | Noticed a four-headed hydra
 17133 | Lair:3   | Killed a one-headed hydra
 17136 | Lair:3   | Noticed a four-headed hydra
 17142 | Lair:3   | Killed a one-headed hydra
 17195 | Lair:3   | Found a staircase to the Swamp.
 17565 | Lair:4   | Reached skill level 2 in Shields
 17837 | Lair:4   | Reached skill level 3 in Shields
 18015 | Lair:4   | Reached skill level 4 in Shields
 18025 | Lair:4   | Received a gift from Okawaru
 18025 | Lair:4   | Reached skill level 5 in Shields
 18026 | Lair:4   | Got a transparent scale mail {god gift}
 18047 | Lair:4   | Identified the +1 scale mail "Ajucazao" {Str+4 Int+4 Dex+3}
                  | (Okawaru gifted it to you on level 4 of the Lair of Beasts)
 18250 | Lair:4   | Reached skill level 6 in Shields
 18626 | Lair:5   | Noticed an eight-headed hydra
 18648 | Lair:5   | Killed a five-headed hydra
 18648 | Lair:5   | Reached skill level 7 in Shields
 18716 | Lair:5   | Reached skill level 8 in Shields
 18783 | Lair:5   | Found a staircase to the Slime Pits.
 19160 | Lair:5   | Reached XP level 14. HP: 106/109 MP: 18/18
 19187 | Lair:5   | Reached skill level 9 in Shields
 19567 | Lair:6   | Entered Level 6 of the Lair of Beasts
 19640 | Lair:6   | Reached skill level 10 in Fighting
 20088 | Lair:6   | Reached skill level 4 in Dodging
 20112 | Lair:6   | Reached skill level 6 in Axes
 20324 | Lair:6   | Received a gift from Okawaru
 20577 | Lair:6   | Received a gift from Okawaru
 20577 | Lair:6   | Reached skill level 11 in Armour
 20581 | Lair:6   | Reached skill level 16 in Polearms
 21343 | Lair:6   | Noticed a dire elephant
 21358 | Lair:6   | Killed a dire elephant
 21515 | Lair:6   | Noticed a dire elephant
 21515 | Lair:6   | Noticed a dire elephant
 21524 | Lair:6   | Killed a dire elephant
 21524 | Lair:6   | Reached skill level 5 in Dodging
 21530 | Lair:6   | Killed a dire elephant
 21561 | Lair:6   | Noticed a dire elephant
 21570 | Lair:6   | Killed a dire elephant
 21916 | D:13     | Reached skill level 6 in Dodging
 22492 | D:13     | Reached XP level 15. HP: 114/115 MP: 17/19
 22501 | D:13     | Received a gift from Okawaru
 22504 | D:13     | Reached skill level 7 in Dodging
 22513 | D:13     | Received a gift from Okawaru
 22542 | D:13     | Noticed an ironheart preserver
 22750 | D:13     | Killed an ironheart preserver
 22813 | D:13     | Found a gate to the Vaults.
 23942 | D:14     | Noticed Agnes
 23949 | D:14     | Killed Agnes
 23949 | D:14     | Reached skill level 17 in Polearms
 24235 | D:14     | Reached skill level 8 in Dodging
 24589 | D:15     | Entered Level 15 of the Dungeon
 24596 | D:14     | Received a gift from Okawaru
 24947 | D:15     | Received a gift from Okawaru
 25231 | D:15     | Reached skill level 18 in Polearms
 25236 | D:15     | Received a gift from Okawaru
 25839 | D:15     | Reached XP level 16. HP: 114/122 MP: 20/20
 25930 | D:15     | Reached skill level 6 in Throwing
 25978 | D:15     | Found a staircase to the Depths.
 26422 | Orc:1    | Entered Level 1 of the Orcish Mines
 27024 | Orc:2    | Entered Level 2 of the Orcish Mines
 27052 | Orc:2    | Noticed Maurice
 27060 | Orc:2    | Killed Maurice
 27106 | Orc:2    | Found a staircase to the Elven Halls.
 27346 | Orc:2    | Found a burning altar of Makhleb.
 27531 | Orc:2    | Found a roughly hewn altar of Beogh.
 27568 | Orc:2    | Received a gift from Okawaru
 27586 | Orc:2    | Reached skill level 11 in Fighting
 27594 | Orc:2    | Reached skill level 7 in Throwing
 27603 | Orc:2    | Received a gift from Okawaru
 27626 | Orc:2    | Received a gift from Okawaru
 27880 | Orc:2    | Found Biapn's Assorted Antiques.
 27880 | Orc:2    | Found Mieptuwk's Antique Armour Shop.
 27881 | Orc:2    | Found Seshuh's Food Shop.
 27881 | Orc:2    | Found Weoc's Gadget Shoppe.
 27891 | Orc:2    | Bought a potion of heal wounds for 105 gold pieces
 27894 | Orc:2    | Bought a polished shield for 247 gold pieces
 27904 | Orc:2    | Identified the +1 shield of Recklessness {rPois rN++ Dex+4}
                  | (You bought it in a shop on level 2 of the Orcish Mines)
 27908 | Orc:2    | Bought storm dragon scales for 1680 gold pieces
 27919 | Orc:2    | Bought a scroll of enchant weapon for 157 gold pieces
 28387 | Swamp:1  | Entered Level 1 of the Swamp
 28497 | Swamp:1  | Reached skill level 8 in Throwing
 28726 | Swamp:1  | Reached skill level 12 in Fighting
 28796 | Swamp:1  | Reached skill level 19 in Polearms
 29427 | Swamp:2  | Reached XP level 17. HP: 116/133 MP: 18/21
 29968 | Swamp:2  | Received a gift from Okawaru
 30083 | Swamp:2  | Noticed Jorgrun
 30107 | Swamp:2  | Killed Jorgrun
 30955 | Swamp:3  | Reached skill level 12 in Armour
 30969 | Swamp:3  | Reached skill level 9 in Dodging
 31572 | Swamp:3  | Received a gift from Okawaru
 31990 | Swamp:4  | Entered Level 4 of the Swamp
 32044 | Swamp:4  | Found a frozen archway.
 32109 | IceCv    | Entered an ice cave
 32314 | IceCv    | Identified the Volume of the Glacier
 32904 | IceCv    | Received a gift from Okawaru
 33129 | IceCv    | Got a pair of ichor-stained gloves
 33140 | IceCv    | Identified the +2 pair of gloves of the Game of Life {rPois
                  | rC+ Int+4} (You found it in an ice cave)
 33445 | Swamp:4  | Reached XP level 18. HP: 53/141 MP: 15/22
 33739 | Swamp:4  | Reached skill level 13 in Armour
 33739 | Swamp:4  | Reached skill level 10 in Dodging
 33797 | Swamp:4  | Got a decaying rune of Zot
 33806 | Swamp:4  | Received a gift from Okawaru
 35048 | Snake:1  | Entered Level 1 of the Snake Pit
 35166 | Snake:1  | Reached skill level 13 in Fighting
 35620 | Snake:1  | Received a gift from Okawaru
 35622 | Snake:1  | Reached skill level 20 in Polearms
 35862 | Snake:1  | Noticed Frances
 35878 | Snake:1  | Killed Frances
 35878 | Snake:1  | Received a gift from Okawaru
 36177 | Snake:1  | Received a gift from Okawaru
 36619 | Snake:2  | Received a gift from Okawaru
 36622 | Snake:2  | Got a jewelled executioner's axe {god gift}
 36623 | Snake:2  | Identified the +3 executioner's axe of the Middle {holy,
                  | rN+ Int+2 Dex+8} (Okawaru gifted it to you on level 2 of
                  | the Snake Pit)
 36738 | Snake:2  | Reached skill level 7 in Axes
 36808 | Snake:2  | Noticed Nikola
 36835 | Snake:2  | Killed Nikola
 37098 | Snake:2  | Found Gisem's Antique Armour Shoppe.
 37390 | Snake:2  | Received a gift from Okawaru
 37390 | Snake:2  | Reached skill level 11 in Dodging
 37857 | Snake:3  | Found a runed translucent door.
 37897 | Snake:2  | Reached XP level 19. HP: 131/150 MP: 23/23
 37978 | Snake:3  | Reached skill level 14 in Armour
 38346 | Snake:3  | Reached skill level 8 in Axes
 38421 | Snake:3  | Received a gift from Okawaru
 38658 | Snake:3  | Reached skill level 14 in Fighting
 38688 | Snake:3  | Got a warped hunting sling
 39319 | Snake:4  | Entered Level 4 of the Snake Pit
 39433 | Snake:4  | Received a gift from Okawaru
 39739 | Snake:4  | Found Xeaduv's Armour Shoppe.
 39898 | Snake:4  | Reached skill level 9 in Axes
 40322 | Snake:4  | Received a gift from Okawaru
 40325 | Snake:4  | Reached XP level 20. HP: 142/160 MP: 24/24
 40444 | Snake:4  | Reached skill level 12 in Dodging
 40652 | Snake:4  | Reached skill level 15 in Armour
 41161 | Snake:4  | Received a gift from Okawaru
 41162 | Snake:4  | Got an iridescent hand axe {god gift}
 41494 | Snake:4  | Reached skill level 15 in Fighting
 41558 | Snake:4  | Reached skill level 10 in Axes
 42019 | Snake:4  | Got a serpentine rune of Zot
 42353 | Vaults:1 | Entered Level 1 of the Vaults
 42590 | Vaults:1 | Received a gift from Okawaru
 42591 | Vaults:1 | Got a pair of steaming gloves {god gift}
 42592 | Vaults:1 | Identified the +1 pair of gloves "Umepher" {Str+3} (Okawaru
                  | gifted it to you on level 1 of the Vaults)
 42714 | Vaults:1 | Reached skill level 11 in Axes
 42802 | Vaults:1 | Found Deta's Gadget Shoppe.
 42818 | Vaults:1 | Identified the -4 pair of gloves of the Ancient Lovers
                  | {rElec} (You acquired it on level 1 of the Vaults)
 42818 | Vaults:1 | Identified the +7 war axe of the Wheel {vorpal, rElec
                  | Int+6} (You acquired it on level 1 of the Vaults)
 42983 | Vaults:1 | Found Onut's Antique Armour Emporium.
 42996 | Vaults:1 | Found Doken's Assorted Antiques.
 42999 | Vaults:1 | Bought a scroll of magic mapping for 129 gold pieces
 43032 | Vaults:1 | Reached XP level 21. HP: 168/168 MP: 25/25
 43164 | Vaults:1 | Found Syiplaf's Food Boutique.
 43295 | Vaults:1 | Reached skill level 12 in Axes
 43844 | Vaults:1 | Found Tudok's Antique Armour Shop.
 43849 | Vaults:1 | Bought a steaming shield for 323 gold pieces
 43849 | Vaults:1 | Identified the +1 shield of Evadec {*Slow rC++} (You bought
                  | it in a shop on level 1 of the Vaults)
 44315 | Vaults:2 | Identified the Guide on Aerial Black Rituals
 44424 | Vaults:2 | Received a gift from Okawaru
 44866 | Vaults:2 | Reached skill level 13 in Axes
 44880 | Vaults:2 | Reached skill level 10 in Shields
 45221 | Vaults:2 | Found Jutix's Armour Shoppe.
 45221 | Vaults:2 | Found Ulekkaqa's Gadget Shoppe.
 45277 | Vaults:2 | Found Bediduif's Jewellery Shoppe.
 45672 | Vaults:3 | Received a gift from Okawaru
 45847 | Vaults:3 | Reached skill level 16 in Armour
 45884 | Vaults:3 | Reached skill level 13 in Dodging
 46032 | Vaults:3 | Reached XP level 22. HP: 173/177 MP: 26/26
 46279 | Vaults:3 | Found a staircase to the Crypt.
 46288 | Vaults:3 | Reached skill level 16 in Fighting
 46397 | Vaults:3 | Reached skill level 11 in Shields
 46475 | Vaults:3 | Got a transparent plate armour
 46476 | Vaults:3 | Identified the cursed +0 plate armour of Nagu {+Fly Slay+5}
                  | (You found it on level 3 of the Vaults)
 47073 | Vaults:4 | Received a gift from Okawaru
 47190 | Vaults:4 | Found a flickering gateway to a bazaar.
 47195 | Bazaar   | Entered a bazaar
 47195 | Bazaar   | Found Ynowebud's Jewellery Shop.
 47195 | Bazaar   | Found Pumokaum's Antique Weapon Shop.
 47195 | Bazaar   | Found Suesupobb's Weapon Shoppe.
 47197 | Bazaar   | Found Isistrock's Distillery.
 47246 | Bazaar   | Bought the amulet "Iplawos" {Spirit *Slow MR+ Dex+4 Stlth+}
                  | for 385 gold pieces
 47311 | Bazaar   | Bought a potion of heal wounds for 50 gold pieces
 47319 | Bazaar   | Bought a potion of mutation for 80 gold pieces
 47325 | Bazaar   | Bought an uncursed amulet of regeneration for 240 gold
                  | pieces
 47753 | Vaults:4 | Reached skill level 7 in Evocations
 47899 | Vaults:4 | Received a gift from Okawaru
 47899 | Vaults:4 | Reached skill level 8 in Evocations
 47989 | Vaults:4 | Reached skill level 9 in Evocations
 48065 | Vaults:4 | Reached skill level 10 in Evocations
 48076 | Vaults:4 | Reached XP level 23. HP: 185/185 MP: 21/30
 48106 | Vaults:4 | Received a gift from Okawaru
 48432 | Vaults:4 | Found the +9 heavy crossbow "Sniper" {vorpal, Acc+∞ SInv}
 48759 | Vaults:1 | Bought a papyrus book for 555 gold pieces
 48759 | Vaults:1 | Bought a metal-bound book for 555 gold pieces
 48897 | Lair:1   | araganzar: !ac 13
 49009 | Depths:1 | Entered Level 1 of the Depths
 49341 | Elf:1    | Entered Level 1 of the Elven Halls
 49880 | Elf:1    | Reached skill level 1 in Crossbows
 49919 | Elf:1    | Reached skill level 2 in Crossbows
 50054 | Elf:1    | Identified the Guide on Illusion
 50280 | Elf:2    | Found an ancient bone altar of Kikubaaqudgha.
 50334 | Elf:2    | Reached skill level 3 in Crossbows
 50344 | Elf:2    | Received a gift from Okawaru
 50392 | Elf:2    | Reached skill level 4 in Crossbows
 50503 | Elf:2    | Reached skill level 5 in Crossbows
 50544 | Elf:2    | Found a runed translucent gate.
 50544 | Elf:2    | Found a runed translucent gate.
 50545 | Elf:2    | Found a runed translucent gate.
 50701 | Elf:2    | Received a gift from Okawaru
 50707 | Elf:2    | Reached skill level 9 in Throwing
 50936 | Elf:2    | Reached skill level 6 in Crossbows
 51182 | Elf:2    | Received a gift from Okawaru
 51414 | Elf:3    | Entered Level 3 of the Elven Halls
 51732 | Elf:3    | Reached skill level 10 in Throwing
 51771 | Elf:3    | Reached skill level 7 in Crossbows
 52164 | Elf:3    | Received a gift from Okawaru
 52242 | Elf:3    | Reached skill level 17 in Armour
 52419 | Elf:3    | Reached skill level 17 in Fighting
 52454 | Elf:3    | Reached XP level 24. HP: 182/195 MP: 27/30
 52580 | Elf:3    | Identified the +4 quarterstaff of the Wasteland {flame,
                  | *Rage Dex+7}
 52629 | Elf:3    | Found the +3 Elemental Staff {rElec rF++ rC++ MR++ AC+5}
 52633 | Elf:3    | Identified the +9 lajatang "Mewo" {flame, *Noise rN++
                  | Dex+2}
 52636 | Elf:3    | Identified the Volume of Talismans and Summoning
 52643 | Elf:3    | Identified the Almanac of Helpful Hexes
 52653 | Elf:3    | Identified Qynkym's Papyrus of the Mind
 52657 | Elf:3    | Got a slimy leather armour
 52767 | Elf:3    | Reached skill level 11 in Throwing
 52865 | Elf:3    | Got a fine arbalest
 52866 | Elf:3    | Identified the cursed +0 arbalest "Noank" {vorpal, rC+
                  | Dex+6} (You found it on level 3 of the Elven Halls)
 53096 | Lair:1   | Gained mutation: You are partially covered in icy blue
                  | scales. (AC +2) [potion of mutation]
 53096 | Lair:1   | Gained mutation: You have sharp toenails. [potion of
                  | mutation]
 53096 | Lair:1   | Gained mutation: Your muscles are strong. (Str +2) [potion
                  | of mutation]
 53286 | Depths:1 | Noticed Camaan's ghost (adept DgCj)
 53286 | Depths:1 | Noticed an ancient lich
 53457 | Depths:1 | Found a one-way gate to the infinite horrors of the Abyss.
 53512 | Depths:1 | Found a runed translucent door.
 53563 | Depths:1 | Reached skill level 14 in Axes
 53930 | Depths:1 | Found a runed translucent door.
 54001 | Depths:1 | Found a gateway to Hell.
 54132 | Depths:1 | Noticed Aizul
 54143 | Depths:1 | Killed Aizul
 54182 | Depths:1 | Found a one-way gate leading to the halls of Pandemonium.
 54620 | Depths:2 | Received a gift from Okawaru
 54694 | Depths:2 | Found a magical portal.
 54729 | WizLab   | Reached skill level 18 in Armour
 55163 | WizLab   | Received a gift from Okawaru
 55342 | WizLab   | Got a steaming robe {god gift}
 55345 | WizLab   | Identified the +2 robe of Untruth {*Slow rC+ rN+ rCorr}
                  | (Okawaru gifted it to you in a wizard's laboratory)
 55357 | WizLab   | Found the +8 lance "Wyrmbane" {slay drac, rPois rF+ rC+
                  | AC+3}
 55364 | WizLab   | Got a transparent brass ring
 55365 | WizLab   | Identified the Volume of Lightness
 55537 | Depths:2 | Reached skill level 18 in Fighting
 55631 | Depths:2 | Cast into level 2 of the Abyss (spriggan berserker)
 55641 | Abyss:2  | Identified the ring of the City {+Fly rC+ Dex+4} (You found
                  | it in a wizard's laboratory)
 55749 | Abyss:3  | Reached skill level 15 in Axes
 55767 | Abyss:3  | Found a corrupted altar of Lugonu.
 55875 | Depths:2 | Escaped the Abyss
 55972 | Depths:2 | Reached XP level 25. HP: 204/204 MP: 25/30
 56131 | Depths:2 | Gained mutation: You occasionally shout uncontrollably at
                  | your foes. [a neqoxec]
 57569 | Depths:3 | Reached skill level 8 in Crossbows
 57608 | Depths:3 | Got a crude buckler
 57619 | Depths:3 | Identified the cursed +0 buckler of the Trilobite {MR-
                  | Str+4 Dex+3} (You found it on level 3 of the Depths)
 57669 | Depths:3 | Identified the Catalogue of the Stallion
 57672 | Depths:3 | Identified the amulet "Nygatig" {Spirit rN+++ MP-9 Dex-2
                  | Stlth+}
 57682 | Depths:3 | Noticed a caustic shrike
 57695 | Depths:3 | Killed a caustic shrike
 57815 | Depths:3 | You are sucked into a shaft and drop 1 floor!
 57850 | Depths:4 | Received a gift from Okawaru
 57850 | Depths:4 | Reached skill level 14 in Dodging
 57952 | Depths:4 | Reached skill level 12 in Throwing
 58007 | Depths:4 | Reached skill level 9 in Crossbows
 58052 | Depths:4 | Found a gateway to a ziggurat.
 58147 | Depths:3 | Reached skill level 10 in Crossbows
 58642 | Depths:3 | Reached skill level 16 in Axes
 58849 | Depths:3 | Got a glittering brass ring
 58851 | Depths:3 | Identified the ring "Ziotwoat" {AC+3 Int+6 Stlth-} (You
                  | found it on level 3 of the Depths)
 58931 | Depths:3 | Reached XP level 26. HP: 191/211 MP: 29/30
 58998 | Depths:3 | Received a gift from Okawaru
 59211 | Depths:3 | Reached skill level 17 in Axes
 59552 | Depths:4 | Found a gateway to a bazaar.
 59568 | Bazaar   | Entered a bazaar
 59571 | Bazaar   | Found Oliuseke's Assorted Antiques.
 59581 | Bazaar   | Found Pef Souv's Gadget Shoppe.
 59584 | Bazaar   | Found Caphaluy's Armour Emporium.
 59590 | Bazaar   | Found Ysena's Magic Scroll Emporium.
 59599 | Bazaar   | Bought a scroll of enchant armour for 82 gold pieces
 59599 | Bazaar   | Bought a scroll of fog for 22 gold pieces
 59599 | Bazaar   | Bought a scroll of enchant armour for 82 gold pieces
 59629 | Bazaar   | Bought a crystal lajatang for 460 gold pieces
 59629 | Bazaar   | Identified the +3 lajatang of Xeduxy {vorpal, rElec rC+++
                  | Dex-4 Stlth-} (You bought it in a shop in a bazaar)
 59725 | Depths:4 | Noticed Louise
 59744 | Depths:4 | Received a gift from Okawaru
 59770 | Depths:4 | Killed Louise
 60004 | Depths:4 | Received a gift from Okawaru
 60216 | Depths:4 | Got an ichor-stained shield
 60217 | Depths:4 | Identified the +2 shield "Touheuxt" {Stlth+} (You found it
                  | on level 4 of the Depths)
 60306 | Depths:4 | Reached skill level 19 in Armour
 60642 | Depths:5 | Entered Level 5 of the Depths
 60996 | Depths:5 | Received a gift from Okawaru
 61620 | Depths:5 | Found a gate to the Realm of Zot.
 61737 | Depths:5 | Reached XP level 27. HP: 186/220 MP: 27/30
 61768 | Depths:5 | Reached skill level 18 in Axes
 61890 | Depths:5 | Found a gateway to a bazaar.
 62231 | Bazaar   | Entered a bazaar
 62238 | Bazaar   | Found Ulabigay's Antique Armour Shop.
 62240 | Bazaar   | Found Kuz Gich's Jewellery Shop.
 62246 | Bazaar   | Bought a glowing cloak for 187 gold pieces
 62297 | Bazaar   | Bought the ring of Redghueq {MR++ rCorr} for 318 gold
                  | pieces
 62515 | Depths:1 | Killed an ancient lich
 62515 | Depths:1 | Received a gift from Okawaru
 62515 | Depths:1 | Reached skill level 15 in Dodging
 62537 | Depths:1 | Killed Camaan's ghost
 62537 | Depths:1 | Reached skill level 19 in Fighting
 62588 | Depths:1 | Received a gift from Okawaru
 62604 | Depths:1 | Got a slimy bronze ring
 62606 | Depths:1 | Identified the ring "Cuenwirro" {Dex+6 Slay+2 SInv} (You
                  | found it on level 1 of the Depths)
 63005 | Crypt:1  | Entered Level 1 of the Crypt
 63157 | Crypt:1  | Noticed Mennas
 63183 | Crypt:1  | Killed Mennas
 63644 | Crypt:1  | Received a gift from Okawaru
 63988 | Crypt:1  | Reached skill level 20 in Armour
 64270 | Crypt:2  | Noticed Bai Suzhen
 64291 | Crypt:2  | Killed Bai Suzhen
 64425 | Crypt:2  | Reached skill level 11 in Evocations
 64496 | Crypt:2  | Noticed Frederick
 64505 | Crypt:2  | Killed Frederick
 64619 | Crypt:2  | Noticed Mara
 64653 | Crypt:2  | Noticed araganzar's illusion
 64704 | Crypt:2  | Killed Mara
 64794 | Crypt:2  | Noticed Sojobo
 64828 | Crypt:2  | Killed Sojobo
 65079 | Crypt:3  | Entered Level 3 of the Crypt
 65199 | Crypt:3  | Noticed Boris
 65217 | Crypt:3  | Killed Boris
 65269 | Crypt:3  | Noticed Jory
 65276 | Crypt:3  | Killed Jory
 65338 | Crypt:3  | Reached skill level 20 in Fighting
 65338 | Crypt:3  | Reached skill level 19 in Axes
 65470 | Crypt:3  | Received a gift from Okawaru
 65499 | Crypt:3  | Got a smoking tin ring
 65501 | Crypt:3  | Identified the cursed ring of Midwinter {rF+ EV-5 Int+4}
                  | (You found it on level 3 of the Crypt)
 65532 | Crypt:3  | Noticed an ancient lich
 65546 | Crypt:3  | Killed an ancient lich
 65546 | Crypt:3  | Received a gift from Okawaru
 65602 | Crypt:3  | Found an ancient bone altar of Kikubaaqudgha.
 65620 | Crypt:3  | Got a serpentine pewter ring
 65620 | Crypt:3  | Got a clouded iron ring
 65623 | Crypt:3  | Got a vibrating copper ring
 65625 | Crypt:3  | Identified the ring "Sabini" {rC- rN+ Str+8 Int+3} (You
                  | found it on level 3 of the Crypt)
 65627 | Crypt:3  | Identified the ring of Santug {rF+ rC+ rN+} (You found it
                  | on level 3 of the Crypt)
 65630 | Crypt:3  | Identified the ring "Huvois" {+Fly AC+2 Str+7 Int-3 Dex-4}
                  | (You found it on level 3 of the Crypt)
 65660 | Crypt:3  | Identified the Grimoire of the Tick
 65664 | Crypt:3  | Learned a level 1 spell: Animate Skeleton
 65713 | Crypt:3  | Received a gift from Okawaru
 65726 | Crypt:3  | Identified the +7 battleaxe "Rithraosu" {vorpal, rF+}
                  | (Okawaru gifted it to you on level 3 of the Crypt)
 65759 | Crypt:3  | Reached skill level 1 in Necromancy
 65789 | Crypt:3  | Reached skill level 1 in Spellcasting
 66214 | Crypt:3  | Found a staircase to the Tomb.
 66421 | Vaults:5 | Entered Level 5 of the Vaults
 66437 | Vaults:5 | Reached skill level 2 in Necromancy
 66443 | Vaults:5 | Reached skill level 2 in Spellcasting
 66481 | Vaults:5 | Reached skill level 3 in Necromancy
 66485 | Vaults:5 | Reached skill level 3 in Spellcasting
 66542 | Vaults:5 | Reached skill level 21 in Armour
 66547 | Vaults:5 | Received a gift from Okawaru
 66607 | Vaults:5 | Noticed an ancient lich
 66633 | Vaults:5 | Killed an ancient lich
 66640 | Vaults:5 | Reached skill level 4 in Spellcasting
 66640 | Vaults:5 | Reached skill level 4 in Necromancy
 66643 | Vaults:5 | Received a gift from Okawaru
 66684 | Vaults:5 | Received a gift from Okawaru
 66727 | Vaults:5 | Received a gift from Okawaru
 66727 | Vaults:5 | Reached skill level 5 in Necromancy
 66892 | Vaults:5 | Identified the +6 shortbow "Ebbophou" {freeze, rElec rN++
                  | MR-}
 66892 | Vaults:5 | Identified the cursed +1 robe of the Depths {rC+}
 66900 | Vaults:5 | Identified the +6 scale mail "Gakhloafi" {rC+ rN+ Int-5}
 66968 | Vaults:5 | Identified A Beginning Course on Spellcraft
 66970 | Vaults:5 | Identified the Almanac of Creation
 67042 | Vaults:5 | Reached skill level 6 in Necromancy
 67123 | Vaults:5 | Identified the +4 mace of Compound Interest {vamp, rC++
                  | Int-2}
 67155 | Vaults:5 | Identified the Grimoire of the Escort
 67281 | Vaults:5 | Noticed Boris
 67292 | Vaults:5 | Reached skill level 21 in Fighting
 67300 | Vaults:5 | Received a gift from Okawaru
 67302 | Vaults:5 | Killed Boris
 67306 | Vaults:5 | Identified the +7 longbow "Degist" {venom, rC+ rN+}
 67307 | Vaults:5 | Reached skill level 20 in Axes
 67336 | Vaults:5 | Noticed an ancient lich
 67352 | Vaults:5 | Killed an ancient lich
 67418 | Vaults:5 | Got a silver rune of Zot
 67475 | Vaults:5 | Noticed an ancient lich
 67493 | Vaults:5 | Killed an ancient lich
 67499 | Vaults:5 | Received a gift from Okawaru
 68063 | Vaults:5 | Reached skill level 22 in Armour
 68577 | Vaults:4 | Identified the +5 halberd of Valour {speed, Str+3 Int-2
                  | Dex+4} (Okawaru gifted it to you on level 4 of the Vaults)
 69395 | Zot:1    | Entered Level 1 of the Realm of Zot
 69435 | Zot:1    | Reached skill level 12 in Shields
 69508 | Zot:1    | Reached skill level 13 in Shields
 69606 | Zot:1    | Reached skill level 14 in Shields
 69655 | Zot:1    | Received a gift from Okawaru
 69730 | Zot:1    | Reached skill level 15 in Shields
 69835 | Zot:1    | Got an ancient plate armour
 69836 | Zot:1    | Identified the +5 plate armour of Noon {Int+8} (You found
                  | it on level 1 of the Realm of Zot)
 70138 | Zot:2    | Reached skill level 16 in Dodging
 70372 | Zot:2    | Noticed an orb of fire
 70395 | Zot:2    | Killed an orb of fire
 70412 | Zot:2    | Received a gift from Okawaru
 70459 | Zot:2    | Reached skill level 22 in Fighting
 70591 | Zot:2    | Received a gift from Okawaru
 70923 | Zot:2    | Reached skill level 21 in Axes
 71247 | Zot:3    | Received a gift from Okawaru
 71549 | Zot:3    | Learned a level 2 spell: Song of Slaying
 71553 | Zot:3    | Learned a level 3 spell: Spectral Weapon
 71604 | Zot:3    | Reached skill level 2 in Hexes
 71604 | Zot:3    | Reached skill level 1 in Charms
 71614 | Zot:3    | Reached skill level 2 in Charms
 71760 | Zot:3    | Reached skill level 3 in Hexes
 71980 | Zot:4    | Received a gift from Okawaru
 71994 | Zot:4    | Reached skill level 3 in Charms
 72002 | Zot:4    | Reached skill level 4 in Hexes
 72027 | Zot:4    | Reached skill level 4 in Charms
 72028 | Zot:4    | Reached skill level 5 in Hexes
 72208 | Zot:4    | Reached skill level 6 in Hexes
 72208 | Zot:4    | Reached skill level 5 in Charms
 72295 | Zot:4    | Reached skill level 7 in Hexes
 72301 | Zot:4    | Reached skill level 6 in Charms
 72350 | Zot:4    | Reached skill level 8 in Hexes
 73108 | Zot:5    | Entered Level 5 of the Realm of Zot
 73206 | Zot:5    | Reached skill level 17 in Dodging
 73510 | Zot:5    | Reached skill level 12 in Evocations
 73541 | Zot:5    | Received a gift from Okawaru
 73607 | Zot:5    | Noticed an orb of fire
 73621 | Zot:5    | Lost mutation: Your muscles are strong. (Str +2) [an orb of
                  | fire]
 73624 | Zot:5    | Killed an orb of fire
 73639 | Zot:5    | Received a gift from Okawaru
 74362 | Zot:5    | Reached skill level 13 in Evocations
 74383 | Zot:5    | Reached skill level 7 in Invocations
 74390 | Zot:5    | Received a gift from Okawaru
 74408 | Zot:5    | Noticed an ancient lich
 74419 | Zot:5    | Killed an ancient lich
 74464 | Zot:5    | Noticed an orb of fire
 74479 | Zot:5    | Noticed an orb of fire
 74484 | Zot:5    | Gained mutation: You are frail. (-10% HP) [an orb of fire]
 74487 | Zot:5    | Gained mutation: Scrolls take you a little longer to read.
                  | [an orb of fire]
 74502 | Zot:5    | Gained mutation: Your magical capacity is low. (-10% MP)
                  | [an orb of fire]
 74508 | Zot:5    | Killed an orb of fire
 74508 | Zot:5    | Reached skill level 23 in Fighting
 74511 | Zot:5    | Gained mutation: Scrolls take you longer to read. [an orb
                  | of fire]
 74529 | Zot:5    | Killed an orb of fire
 74529 | Zot:5    | Reached skill level 8 in Invocations
 74541 | Zot:5    | Lost mutation: You occasionally shout uncontrollably at
                  | your foes. [potion of mutation]
 74541 | Zot:5    | Lost mutation: Scrolls take you longer to read. [potion of
                  | mutation]
 74541 | Zot:5    | Lost mutation: Your magical capacity is low. (-10% MP)
                  | [potion of mutation]
 74541 | Zot:5    | Lost mutation: You are frail. (-10% HP) [potion of
                  | mutation]
 74541 | Zot:5    | Gained mutation: You are dopey. (Int -2) [potion of
                  | mutation]
 74541 | Zot:5    | Gained mutation: You have very sharp teeth. [potion of
                  | mutation]
 74541 | Zot:5    | Gained mutation: You are somewhat resistant to further
                  | mutation. [potion of mutation]
 74542 | Zot:5    | Lost mutation: Scrolls take you a little longer to read.
                  | [potion of mutation]
 74542 | Zot:5    | Lost mutation: You are partially covered in icy blue
                  | scales. (AC +2) [potion of mutation]
 74542 | Zot:5    | Lost mutation: You have sharp toenails. [potion of
                  | mutation]
 74542 | Zot:5    | Gained mutation: You are surrounded by a mild repulsion
                  | field. (EV +2) [potion of mutation]
 75610 | Zot:5    | Noticed an orb of fire
 75617 | Zot:5    | Noticed an ancient lich
 75635 | Zot:5    | Killed an ancient lich
 75635 | Zot:5    | Received a gift from Okawaru
 75909 | Zot:5    | Noticed an orb of fire
 75919 | Zot:5    | Killed an orb of fire
 75919 | Zot:5    | Received a gift from Okawaru
 75935 | Zot:5    | Reached skill level 14 in Evocations
 76023 | Zot:5    | Noticed an orb of fire
 76038 | Zot:5    | Gained mutation: You have sharp toenails. [an orb of fire]
 76047 | Zot:5    | Killed an orb of fire
 76048 | Zot:5    | Noticed a Killer Klown
 76048 | Zot:5    | Noticed an orb of fire
 76064 | Zot:5    | Killed an orb of fire
 76064 | Zot:5    | Received a gift from Okawaru
 76102 | Zot:5    | Killed a Killer Klown
 76133 | Zot:5    | Noticed an orb of fire
 76133 | Zot:5    | Noticed an ancient lich
 76134 | Zot:5    | Noticed an orb of fire
 76138 | Zot:5    | Noticed an orb of fire
 76148 | Zot:5    | Killed an orb of fire
 76152 | Zot:5    | Killed an orb of fire
 76152 | Zot:5    | Received a gift from Okawaru
 76157 | Zot:5    | Killed an ancient lich
 76158 | Zot:5    | Killed an orb of fire
 76158 | Zot:5    | Reached skill level 22 in Axes
 76158 | Zot:5    | Reached skill level 15 in Evocations
 76559 | Zot:5    | Reached skill level 24 in Fighting
 76616 | Zot:5    | Got the Orb of Zot
 76672 | Zot:5    | Noticed Uskusm the pandemonium lord
 76691 | Zot:5    | Killed Uskusm the pandemonium lord
 76691 | Zot:5    | Received a gift from Okawaru
 76691 | Zot:5    | Reached skill level 16 in Evocations
 76694 | Zot:5    | Got a bloodstained chain mail {god gift}
 76763 | Zot:4    | Noticed Oloeghou the pandemonium lord
 76776 | Zot:4    | Killed Oloeghou the pandemonium lord
 76991 | Depths:2 | Noticed Jatogul the pandemonium lord
 77014 | Depths:2 | Killed Jatogul the pandemonium lord
 77385 | D:$      | Escaped with the Orb!

Vanquished Creatures
  10 orbs of fire
  Mara (Crypt:2)
  Mennas (Crypt:1)
  7 ancient liches
  Boris (twice) (Crypt:3 Vaults:5)
  Sojobo (Crypt:2)
  A Killer Klown (Zot:5)
  Frederick (Crypt:2)
  3 curse toes
  Bai Suzhen (Crypt:2)
  13 golden dragons
  Nikola (Snake:2)
  2 caustic shrikes
  The ghost of Camaan the Warrior, an adept DgCj (Depths:1)
  Jory (Crypt:3)
  2 bone dragons
  A Cloud Mage (WizLab)
  15 tentacled monstrosities
  Jorgrun (Swamp:2)
  7 liches
  2 electric golems (Zot:5)
  3 pandemonium lords
  A Hell Sentinel (Zot:5)
  33 Orb Guardians
  2 deep elf blademasters (Elf:3)
  5 quicksilver dragons
  A deep elf master archer (Elf:3)
  5 titans
  8 death cobs
  Frances (Snake:1)
  4 sphinxes
  An ancient champion (Crypt:2)
  A thorn hunter (Swamp:4)
  Agnes (D:14)
  13 shadow dragons
  11 tengu reavers
  16 storm dragons
  16 fire giants
  8 draconian monks
  An azure jelly (shapeshifter) (Depths:4)
  8 deep elf sorcerers
  14 nagarajas
  16 vault wardens
  8 draconian knights
  4 ghost moths
  Louise (Depths:4)
  4 deep elf elementalists
  2 iron dragons
  A juggernaut zombie (Depths:3)
  11 frost giants
  Aizul (Depths:1)
  10 ghouls
  4 draconian annihilators
  9 draconian scorchers
  13 draconian shifters
  An angel (D:15)
  3 curse skulls
  A reaper (Zot:5)
  5 ironheart preservers
  A spriggan defender (Depths:4)
  4 draconian stormcallers
  6 war gargoyles
  A large abomination (Vaults:5)
  22 very ugly things
  28 stone giants
  2 small abominations (Vaults:5)
  An entropy weaver (Vaults:5)
  17 green draconians
  8 deep elf demonologists
  9 deep elf annihilators
  10 vampire knights
  13 spark wasps
  15 white draconians
  12 black draconians
  17 red draconians
  12 purple draconians
  4 dire elephants (Lair:6)
  10 yellow draconians
  An eidolon (Crypt:2)
  11 ettins
  7 deep elf death magi
  2 green deaths
  3 crystal guardians (Crypt:3)
  17 fire dragons
  6 blizzard demons
  13 jiangshi
  19 yaktaur captains
  8 deep elf high priests
  Harold (D:11)
  7 rakshasas
  An ice dragon (shapeshifter) (Depths:4)
  13 great orbs of eyes
  10 spriggan air magi
  24 vault guards (Vaults:5)
  30 naga warriors
  9 ice dragons
  11 ghost crabs
  23 hydras
  9 anacondas
  4 shambling mangroves
  5 death knights
  2 hell beasts
  13 centaur warriors
  54 two-headed ogres
  19 alligators
  36 dancing weapons
  2 death yaks (Lair:4)
  5 tengu warriors
  17 ogre magi
  15 deep troll shamans
  7 deep troll earth magi
  16 naga sharpshooters
  2 soul eaters
  10 shock serpents
  8 vampire magi
  15 deep elf knights
  4 spriggan berserkers
  A titan zombie (Crypt:3)
  Sonja (Lair:3)
  A storm dragon skeleton (Crypt:3)
  A sun demon (Zot:4)
  5 iron trolls
  10 hell knights
  2 shadow wraiths
  2 salamander mystics (Snake:2)
  3 sixfirhies
  2 death drakes (WizLab)
  An anaconda zombie (Crypt:1)
  35 skeletal warriors
  4 spriggan druids
  8 wizards
  9 glowing orange brains
  A golden dragon zombie (Crypt:3)
  An infernal demonspawn (Depths:3)
  29 deep trolls
  4 unseen horrors
  18 deep elf archers
  A glowing orange brain (shapeshifter) (Depths:4)
  10 orc knights
  9 ironbrand convokers
  15 naga ritualists
  7 flayed ghosts
  Pikel (D:9)
  4 lindwurms (Lair:6)
  3 phantasmal warriors
  A shadow dragon zombie (Crypt:3)
  10 swamp dragons
  A fire giant zombie (Crypt:3)
  A golden dragon skeleton (Crypt:1)
  11 necromancers
  A wolf spider zombie (Crypt:3)
  7 wolf spiders
  8 mana vipers
  5 harpies (Vaults:4)
  A tengu skeleton (Depths:3)
  A cyclops (shapeshifter) (Depths:5)
  61 deep elf magi
  A manticore (shapeshifter) (Depths:4)
  A mana viper (shapeshifter) (Depths:1)
  74 ugly things
  A frost giant zombie (Depths:3)
  14 salamanders
  2 orc sorcerers
  8 cyclopes
  26 slime creatures
  A salamander (shapeshifter) (Depths:1)
  27 moths of wrath
  An ice statue (IceCv)
  Maurice (Orc:2)
  An elephant (shapeshifter) (Depths:4)
  10 guardian serpents
  2 rust devils
  24 naga magi
  4 apocalypse crabs (WizLab)
  12 vault sentinels
  A black mamba (shapeshifter) (Vaults:5)
  Joseph (D:7)
  4 elephants (Lair:6)
  A spiny frog (shapeshifter) (Depths:1)
  A torpor snail (shapeshifter) (Vaults:5)
  2 orange demons
  A smoke demon (Depths:2)
  A water nymph (shapeshifter) (Depths:4)
  A torpor snail (Lair:4)
  49 black mambas
  2 dire elephant zombies
  An eye of devastation (shapeshifter) (Depths:4)
  2 fire giant skeletons
  2 gargoyles
  14 spiny frogs
  A hellion (Depths:2)
  5 rime drakes
  Maggie (Lair:3)
  A red draconian zombie (Crypt:1)
  2 efreet
  A demonic crawler (Zot:1)
  A kobold demonologist (D:14)
  A white draconian zombie (Crypt:3)
  4 anaconda simulacra (IceCv)
  9 tengu conjurers
  A rime drake (shapeshifter) (Elf:3)
  9 komodo dragons
  16 freezing wraiths
  2 yaktaurs (shapeshifter)
  51 yaktaurs
  A golden dragon simulacrum (IceCv)
  8 ice devils
  An ancient zyme (Abyss:3)
  2 hydra zombies (Crypt:1)
  4 hellwings
  A white draconian skeleton (Crypt:2)
  A queen bee (Lair:3)
  A harpy zombie (D:13)
  5 trolls
  10 tyrant leeches
  A meliai (shapeshifter) (Vaults:1)
  A shadow dragon simulacrum (Crypt:1)
  2 wind drakes (WizLab)
  A hydra skeleton (Crypt:3)
  2 queen bees (shapeshifter)
  A wolf spider simulacrum (IceCv)
  16 hornets
  5 hippogriffs
  2 polar bears
  4 bog bodies
  An ettin zombie (Crypt:1)
  A fire dragon zombie (Crypt:3)
  Grinder (D:4)
  3 raiju (Abyss:3)
  A fire giant simulacrum (Vaults:2)
  5 blink frogs (Swamp:2)
  A blink frog (shapeshifter) (Vaults:1)
  6 dream sheep (Lair:6)
  2 dream sheep (shapeshifter)
  2 human simulacra
  4 spriggans
  7 wraiths
  A tarantella (Vaults:5)
  40 flying skulls
  8 water elementals
  4 starcursed masses (Abyss:3)
  2 tarantellas (shapeshifter)
  A yak (shapeshifter) (Vaults:4)
  2 redbacks (Vaults:5)
  7 air elementals
  8 shadows
  3 vampires
  22 yaks
  6 wyverns
  3 dire elephant simulacra (IceCv)
  A fire bat (shapeshifter) (Vaults:3)
  A hog (shapeshifter) (Vaults:4)
  A neqoxec (Depths:2)
  2 death yak simulacra (IceCv)
  3 fire bats (Depths:5)
  7 vampire mosquitoes
  3 basilisks (shapeshifter)
  2 golden eyes (shapeshifter) (Depths:4)
  4 golden eyes (D:6)
  3 basilisks
  A fire elemental (Elf:2)
  A harpy simulacrum (IceCv)
  8 hungry ghosts
  A chaos spawn (Depths:5)
  12 swamp worms
  4 acid dragons
  11 insubstantial wisps
  3 wargs
  A deep troll zombie (Crypt:1)
  73 nagas
  A two-headed ogre zombie (D:12)
  5 hydra simulacra
  3 soldier ants
  7 water moccasins
  A floating eye (shapeshifter) (Depths:4)
  8 porcupines
  13 swamp drakes
  A floating eye (Depths:4)
  An ice beast (shapeshifter) (Vaults:3)
  A slave (D:8)
  25 orc warriors
  2 phantoms
  A snapping turtle zombie (Crypt:1)
  3 black bears
  A manticore zombie (Crypt:1)
  2 ice beasts
  2 ettin simulacra (IceCv)
  11 necrophages
  A sky beast (D:6)
  44 ogres
  7 wolves
  14 boggarts
  12 centaurs
  A snapping turtle skeleton (Crypt:1)
  12 crocodiles
  8 big kobolds
  A yaktaur zombie (Crypt:2)
  19 bullfrogs
  A salamander skeleton (Crypt:2)
  2 earth elementals
  3 yaktaur skeletons
  2 wyvern skeletons
  A water moccasin zombie (D:7)
  3 scorpions
  2 troll zombies (D:12)
  A warg skeleton (Crypt:2)
  28 killer bees
  2 howler monkeys
  12 wights
  A howler monkey (shapeshifter) (Vaults:5)
  9 crimson imps
  A wolf skeleton (Crypt:2)
  2 draconian simulacra (IceCv)
  2 bullfrog zombies
  3 quasits
  2 centaur zombies
  6 hounds
  15 jellies
  16 orc priests
  4 bullfrog skeletons
  4 centaur skeletons
  An iron imp (Depths:2)
  24 orc wizards
  5 iguanas
  A polar bear simulacrum (IceCv)
  A troll simulacrum (IceCv)
  8 worker ants
  A spriggan simulacrum (IceCv)
  6 ogre zombies
  A tengu zombie (Crypt:1)
  2 centaur simulacra (IceCv)
  A hound zombie (D:9)
  2 hound skeletons
  A worker ant zombie (D:8)
  5 adders
  8 gnolls
  A swamp drake zombie (Crypt:1)
  2 naga simulacra (IceCv)
  2 ogre simulacra (IceCv)
  5 shadow imps
  5 white imps
  6 ufetubi
  3 oozes
  An iguana zombie (Crypt:2)
  2 worms
  2 dart slugs (D:3)
  7 leopard geckos
  75 orcs
  6 bats
  4 giant cockroaches
  3 goblins
  5 hobgoblins
  14 jackals
  24 kobolds
  6 quokkas
  3 ball pythons
  3 frilled lizards
  2 goblin skeletons (D:12)
  3 goblin zombies (D:12)
  3 hobgoblin skeletons (D:12)
  3 hobgoblin zombies
  A jackal zombie (D:7)
  A leopard gecko skeleton (D:5)
  2 orc skeletons (D:12)
  14 orc zombies
  A quokka skeleton (D:4)
  8 rats
  A briar patch (Swamp:4)
  3 crawling corpses
  A fungus (D:11)
  4 plants (Lair:6)
2640 creatures vanquished.

Vanquished Creatures (collateral kills)
  An ancient lich (Zot:5)
  A quicksilver dragon (Vaults:5)
  A death cob (Zot:5)
  A draconian scorcher (Zot:5)
  A very ugly thing (Vaults:5)
  A yellow draconian (Zot:5)
  An ogre (Vaults:5)
  An orc (Vaults:5)
8 creatures vanquished.

Vanquished Creatures (others)
  A fire giant (Vaults:5)
  A spark wasp (WizLab)
  2 blizzard demons (WizLab)
  An alligator (Swamp:2)
  A death drake (WizLab)
  2 deep elf magi (Elf:3)
  A rust devil (Zot:4)
  2 yaktaurs (Vaults:3)
  A spiny frog (Swamp:4)
  A red devil (Zot:4)
  A wind drake (WizLab)
  An air elemental (WizLab)
  A tarantella (shapeshifter) (Depths:4)
  A fire elemental (Elf:3)
  A hungry ghost (D:9)
  5 insubstantial wisps (Swamp:3)
  A naga (Snake:4)
  An adder (D:9)
  A white imp (IceCv)
  An ufetubus (IceCv)
  A block of ice (Zot:4)
  5 fungi
  6 plants
  6 spectral weapons
  2 withered plants (Lair:1)
47 creatures vanquished.

Grand Total: 2695 creatures vanquished
